Map: King's Cove LE

Players

HellraiseR

  • Race: Protoss Protoss
  • League: Master
  • Spawn Location: 5:00

TYTY (TY) - Winner!

  • Race: Terran Terran
  • League: Diamond
  • Spawn Location: 11:00

Event: HomeStory Cup XIX

VOD

Have the link to the VOD?

Description

Time

  • Played on: June 28, 2019, 6:28 a.m.
  • Length: 14:23

All games in this series

Show
View Real Time Build Order
Export as new Build Order

HellraiseR Protoss 

Build Orders: 1 Gate Expand, Oracle Opening 

Get SALT Encoding   

  12  0:01  Probe  
  13  0:13  Probe  
  14  0:19  Pylon  
  14  0:22  Probe  
  15  0:33  Probe  
  15  0:38  Gateway  
  16  0:43  Probe  
  16  0:48  Assimilator  
  17  0:56  Probe  
  18  1:08  Probe  
  19  1:21  Nexus  
  19  1:23  Probe  
  20  1:33  Cybernetics Core  
  20  1:37  Probe  
  21  1:42  Assimilator  
  21  1:49  Probe  
  21  1:52  Pylon  
  22  2:00  Probe, Adept  
  23  2:08  Probe  
  26  2:16  Probe  
  27  2:23  Stargate  
  27  2:27  Probe  
  27  2:29  Probe  
  28  2:30  Adept  
  31  2:38  Warp Gate  
  31  2:39  Probe  
  31  2:40  Probe  
  33  2:52  Probe x2  
  33  2:56  Oracle  
  34  3:04  Probe x2  
  36  3:12  Pylon  
  39  3:16  Probe x2  
  41  3:28  Probe x2  
  41  3:29  Oracle  
  43  3:34  Nexus  
  46  3:42  Probe  
  46  3:43  Probe  
  48  3:52  Robotics Facility  
  48  3:54  Probe  
  49  3:56  Probe  
  50  4:04  Gateway  
  50  4:06  Probe  
  50  4:07  Gateway  
  51  4:11  Probe  
  51  4:19  Probe  
  52  4:25  Assimilator, Pylon  
  52  4:27  Probe  
  52  4:31  Probe  
  54  4:35  Immortal, Pylon  
  54  4:38  Assimilator  
  54  4:43  Probe x2  
  54  4:44  Phoenix  
  62  4:46  Probe  
  63  4:54  Shield Battery  
  63  4:55  Probe x2  
  63  4:59  Sentry  
  68  5:00  Zealot  
  68  5:03  Zealot  
  72  5:07  Probe x2  
  72  5:10  Robotics Bay  
  74  5:14  Phoenix  
  74  5:17  Immortal  
  74  5:20  Probe  
  78  5:24  Shield Battery  
  80  5:29  Probe  
  80  5:34  Stalker  
  84  5:38  Zealot, Pylon  
  81  5:56  Stalker  
  69  5:58  Stalker x2  
  69  5:59  Probe  
  69  6:02  Probe  
  63  6:04  Probe  
  63  6:12  Probe  
  60  6:19  Stalker  
  60  6:21  Stalker  
  60  6:23  Stalker  
  60  6:24  Probe x2  
  60  6:25  Probe  
  61  6:32  Probe x2  
  62  6:35  Colossus  
  62  6:37  Probe  
  65  6:40  Probe  
  65  6:41  Probe  
  65  6:46  Probe  
  67  6:51  Probe  
  67  6:52  Probe  
  76  6:54  Probe  
  76  6:59  Forge  
  77  7:03  Probe x2, Gateway  
  77  7:04  Probe  
  80  7:11  Extended Thermal Lance  
  81  7:15  Probe x2  
  81  7:18  Colossus  
  81  7:21  Probe  
  81  7:22  Pylon  
  83  7:27  Probe x2  
  91  7:30  Protoss Ground Weapons Level 1  
  91  7:31  Probe  
  91  7:32  Twilight Council  
  91  7:35  Probe  
  92  7:39  Probe  
  92  7:40  Probe, Shield Battery  
  92  7:43  Probe  
  95  7:47  Sentry  
  95  7:48  Zealot  
  100  7:52  Assimilator  
  100  7:55  Pylon  
  100  7:57  Gateway  
  101  7:58  Blink  
  101  7:59  Gateway  
  101  8:02  Colossus  
  100  8:11  Nexus  
  100  8:19  Probe x2  
  108  8:20  Probe  
  108  8:26  Assimilator  
  109  8:28  Pylon  
  109  8:30  Photon Cannon  
  109  8:33  Photon Cannon  
  109  8:39  Photon Cannon  
  109  8:41  Shield Battery  
  109  8:42  Pylon  
  109  8:46  Oracle  
  109  8:48  Stalker x2  
  116  8:53  Pylon  
  116  8:55  Observer  
  116  8:56  Pylon  
  117  9:03  Zealot x4  
  117  9:07  Disruptor  
  125  9:16  Stalker x2, Protoss Ground Armor Level 1, Pylon  
  128  9:17  Pylon  
  128  9:21  Gateway  
  128  9:22  Gateway  
  129  9:29  Pylon  
  129  9:36  Zealot x4  
  137  9:42  Forge  
  137  9:43  Colossus  
  137  9:45  Probe  
  138  9:46  Templar Archives  
  144  9:54  Nexus  
  143  10:01  Charge  
  143  10:09  Nexus  
  143  10:10  Phoenix, Pylon  
  145  10:14  Zealot  
  145  10:15  Zealot x3  
  153  10:22  Probe x3  
  156  10:30  Photon Cannon  
  156  10:34  Probe x2  
  158  10:35  Observer  
  158  10:38  Probe  
  158  10:40  Psionic Storm  
  158  10:42  High Templar x2  
  164  10:44  Protoss Ground Weapons Level 2, Pylon  
  164  10:46  Pylon  
  164  10:51  Colossus  
  164  10:58  Pylon x2  
  169  11:05  Probe x2  
  169  11:09  Photon Cannon x2  
  171  11:13  High Templar  
  171  11:15  Probe  
  171  11:18  Dark Shrine  
  174  11:24  Protoss Ground Armor Level 2  
  174  11:25  Zealot x3, High Templar  
  176  11:26  Zealot  
  184  11:35  Warp Prism  
  184  11:41  Archon  
  184  11:43  High Templar, Pylon  
  184  11:44  High Templar  
  190  11:49  Photon Cannon  
  190  11:50  Shield Battery  
  190  12:01  Gateway  
  190  12:03  Gateway  
  190  12:09  Colossus, Nexus  
  196  12:16  Zealot x2  
  196  12:17  Zealot  
  196  12:20  Shadow Stride  
  199  12:28  Probe  
  200  12:30  Assimilator  
  200  12:32  Assimilator  
  200  12:34  Pylon  
  200  12:37  Photon Cannon  
  200  12:38  Shield Battery  
  200  12:45  Pylon  
  200  12:53  Zealot x2  
  200  12:57  Photon Cannon  
  200  12:58  Photon Cannon  
  198  13:07  Photon Cannon  
  198  13:08  Photon Cannon  
  198  13:10  Shield Battery  
  198  13:11  Photon Cannon  
  198  13:14  Pylon  
  198  13:26  Zealot x2  
  190  13:35  Zealot x5  
  190  13:41  Zealot  
  200  13:48  Gateway x2  
  200  13:49  Archon  
  190  13:57  Zealot x5  
  197  14:07  Zealot  
  197  14:08  Zealot x3  
  197  14:09  Probe x2  
  114  14:17  Stalker x4  
Show
View Real Time Build Order
Export as new Build Order

TYTY Terran - Winner!

Build Orders: Reaper Expand 

Get SALT Encoding   

  12  0:00  SCV  
  13  0:12  SCV  
  14  0:17  Supply Depot  
  14  0:24  SCV  
  15  0:39  SCV  
  15  0:40  Barracks  
  16  0:44  Refinery  
  16  0:51  SCV  
  17  1:03  SCV  
  18  1:15  SCV  
  19  1:27  Reaper  
  19  1:28  Orbital Command  
  20  1:45  Command Center  
  20  1:55  SCV  
  20  1:56  Supply Depot  
  20  1:59  Marine  
  22  2:07  SCV  
  23  2:12  Factory  
  23  2:19  SCV  
  23  2:21  Barracks Reactor  
  24  2:23  Refinery  
  24  2:31  SCV  
  25  2:43  SCV  
  26  2:56  Factory Tech Lab, SCV  
  26  2:57  Marine x2  
  29  2:59  Orbital Command  
  29  3:05  Orbital Command  
  29  3:07  Starport  
  29  3:08  SCV  
  30  3:14  Marine x2  
  30  3:17  Cyclone  
  35  3:20  SCV  
  36  3:30  SCV  
  36  3:32  SCV  
  36  3:33  Marine x2, Supply Depot  
  40  3:42  SCV  
  40  3:43  Viking  
  40  3:45  SCV  
  44  3:51  Marine  
  44  3:53  Marine  
  44  3:55  Cyclone  
  49  4:00  SCV  
  50  4:05  Supply Depot  
  50  4:08  SCV  
  50  4:09  Marine, Liberator  
  52  4:11  Marine  
  52  4:17  SCV  
  52  4:23  SCV  
  54  4:28  Supply Depot  
  54  4:29  Supply Depot  
  57  4:32  Marine  
  57  4:35  Cyclone  
  57  4:38  SCV  
  62  4:43  Command Center  
  62  4:49  Marine  
  62  4:50  Marine, SCV  
  62  4:51  SCV, Supply Depot  
  66  4:57  Barracks  
  66  5:02  SCV  
  66  5:03  SCV  
  67  5:07  Marine x2  
  67  5:09  Starport Tech Lab  
  67  5:10  Cyclone  
  72  5:14  SCV  
  72  5:16  SCV  
  72  5:18  Refinery  
  74  5:21  Refinery  
  74  5:25  Marine x2  
  74  5:26  SCV  
  74  5:28  SCV  
  78  5:30  Supply Depot  
  78  5:34  Raven  
  80  5:38  SCV  
  81  5:43  Marine x2  
  83  5:50  SCV x2  
  82  5:57  Barracks x2  
  82  6:02  SCV  
  82  6:03  Marine x2  
  80  6:04  SCV  
  80  6:08  Siege Tank  
  74  6:14  SCV  
  74  6:16  Orbital Command, SCV  
  73  6:25  Marine x2  
  75  6:26  SCV  
  75  6:28  SCV  
  75  6:30  Engineering Bay x2  
  75  6:33  Starport Reactor  
  75  6:34  Stimpack  
  75  6:35  Marine  
  75  6:38  SCV  
  77  6:40  Siege Tank  
  77  6:42  SCV  
  77  6:44  Orbital Command, Marine x2  
  83  6:47  Barracks  
  83  6:48  Barracks Reactor  
  83  6:49  Barracks Tech Lab  
  83  6:50  SCV  
  84  6:56  Marine  
  84  6:58  SCV  
  86  7:01  Terran Infantry Weapons Level 1  
  86  7:02  SCV, Terran Infantry Armor Level 1  
  86  7:07  Marine x2  
  90  7:10  SCV  
  90  7:13  SCV, Supply Depot  
  92  7:18  Medivac x2  
  92  7:21  SCV  
  96  7:23  Marine x2  
  96  7:24  Marine, SCV  
  96  7:25  SCV  
  96  7:29  Supply Depot  
  101  7:31  Siege Tank, Supply Depot  
  101  7:34  SCV  
  101  7:36  Barracks Reactor  
  105  7:38  Combat Shield, Barracks Tech Lab  
  105  7:39  Marine x2  
  105  7:40  Marine  
  105  7:42  Refinery, SCV  
  109  7:50  Marine x2, SCV x2  
  115  7:53  Supply Depot, Medivac  
  115  7:56  Refinery  
  115  7:58  Marine, Medivac  
  118  7:59  Marine  
  118  8:00  Marine, SCV  
  118  8:05  SCV  
  124  8:06  SCV, Supply Depot  
  124  8:08  Marauder x2  
  124  8:09  Marauder  
  124  8:11  Marine  
  130  8:14  Armory  
  130  8:16  Marine  
  130  8:17  Marine  
  130  8:18  Marine  
  133  8:24  Siege Tank  
  136  8:29  Marine x2  
  136  8:30  Marine x2  
  142  8:34  Supply Depot  
  142  8:35  Supply Depot  
  142  8:37  Marine x2  
  142  8:38  Missile Turret  
  142  8:44  Marine, Factory  
  142  8:46  Marine  
  142  8:47  Viking x2, Factory  
  148  9:00  Siege Tank  
  151  9:12  Marauder, Marine x4  
  151  9:13  Marauder  
  159  9:22  Command Center  
  159  9:28  SCV x3  
  162  9:31  Factory Tech Lab, Terran Infantry Weapons Level 2, Terran Vehicle Weapons Level 1, Terran Infantry Armor Level 2  
  162  9:32  Factory Tech Lab  
  162  9:34  Siege Tank  
  165  9:46  Supply Depot x2  
  165  9:47  Missile Turret  
  165  9:51  Siege Tank, Missile Turret  
  168  9:54  Siege Tank  
  168  9:58  Sensor Tower  
  171  10:01  SCV x2  
  171  10:04  Missile Turret  
  172  10:08  Marauder x3  
  181  10:22  SCV x3  
  181  10:23  Ghost Academy, Supply Depot  
  181  10:25  Supply Depot  
  187  10:33  Marine x2  
  187  10:34  SCV, Planetary Fortress  
  185  10:45  Barracks  
  185  10:46  Barracks  
  185  10:49  Refinery, Missile Turret  
  184  10:50  Refinery  
  184  10:53  Ghost x3  
  184  10:54  Marine x2  
  184  10:55  Marine x2  
  194  11:00  Personal Cloaking  
  194  11:01  Ghost Academy  
  194  11:04  Ghost Academy  
  194  11:18  Sensor Tower  
  197  11:21  Ghost x3  
  200  11:26  Command Center  
  200  11:31  Ghost Academy, Missile Turret  
  200  11:32  Nuke  
  197  11:41  Command Center  
  197  11:43  Barracks Tech Lab  
  197  11:44  Barracks Tech Lab  
  197  11:56  Medivac  
  197  11:57  Terran Vehicle Weapons Level 2  
  186  12:18  Marauder x3  
  186  12:21  Siege Tank x2  
  198  12:26  Nuke  
  198  12:28  Nuke  
  198  12:31  Ghost  
  200  12:38  Command Center  
  200  12:41  Command Center  
  200  12:43  Command Center  
  200  13:02  Siege Tank x2  
  200  13:05  Planetary Fortress  
  200  13:08  Refinery, Liberator x2  
  200  13:16  Refinery  
  200  13:21  Orbital Command  
  199  13:28  Siege Tank  
  159  14:22  Ghost Academy  
Tags
 
Add a new tag
Caveats
  • Supply blocks, unpowered buildings, or Contaminate may cause inaccurate times.
  • Supply counts are checked every 10 seconds.